 Dungeon Crawl Stone Soup version 0.22-a0-305-gd21a89c (webtiles) character file.

134 xccam the Fighter (level 5, -5/54 HPs)
             Began as a Gnoll Wanderer on Mar 29, 2018.
             Splashed by Ijyb's acid (17 damage)
             ... on level 3 of the Dungeon.
             The game lasted 00:06:48 (3018 turns).

xccam the Fighter (Gnoll Wanderer)                  Turns: 3018, Time: 00:06:49

Health: -5/54      AC: 11    Str: 15    XL:     5   Next: 17%
Magic:  7/7        EV:  4    Int: 15    God:
Gold:   80         SH:  4    Dex: 14    Spells: 6/6 levels left

rFire    . . .     SeeInvis .   e - +1 short sword
rCold    . . .     Gourm    .   k - +0 buckler
rNeg     . . .     Faith    .   m - +0 plate armour (curse)
rPois    .         Spirit   .   (no helmet)
rElec    .         Reflect  .   n - +0 cloak
rCorr    .         Harm     .   (no gloves)
MR       .....                  (no boots)
Stlth    ..........             (no amulet)
HPRegen  0.18/turn              (no ring)
MPRegen  0.10/turn              (no ring)

@: no status effects
A: distributed training, fangs 1, strong nose
a: no special abilities


You were on level 3 of the Dungeon.
You were not hungry.

You visited 1 branch of the dungeon, and saw 3 of its levels.

You collected 80 gold pieces.

Inventory:

Hand Weapons
 b - a +2 blowgun
 e - a +1 short sword (weapon)
Armour
 j - a cursed +0 chain mail
 k - a +0 buckler (worn)
 m - a cursed +0 plate armour (worn)
 n - a +0 cloak (worn)
Jewellery
 o - a cursed ring of wizardry {unknown}
Scrolls
 a - a scroll of fear
 d - 4 scrolls of teleportation
 h - 3 scrolls of identify
 i - 2 scrolls of blinking
Potions
 c - 2 potions of curing
 f - 2 potions of heal wounds {unknown}
 l - 2 potions of degeneration {unknown}
 q - a potion of invisibility {unknown}
Comestibles
 g - 12 rations
 p - 2 chunks of flesh


   Skills:
 + Level 10.4 Fighting
 + Level 1.3 Short Blades
 + Level 1.3 Long Blades
 + Level 1.3 Axes
 + Level 1.3 Maces & Flails
 + Level 2.9 Polearms
 + Level 1.3 Staves
 + Level 1.3 Slings
 + Level 1.3 Bows
 + Level 1.3 Crossbows
 + Level 2.9 Throwing
 + Level 1.3 Armour
 + Level 1.3 Dodging
 + Level 4.3 Stealth
 + Level 1.3 Shields
 + Level 2.9 Unarmed Combat
 + Level 1.3 Spellcasting
 + Level 1.1 Conjurations
 + Level 1.1 Hexes
 + Level 1.1 Charms
 + Level 1.1 Summonings
 + Level 1.1 Necromancy
 + Level 1.1 Translocations
 + Level 1.1 Transmutations
 + Level 1.1 Fire Magic
 + Level 1.1 Ice Magic
 + Level 1.1 Air Magic
 + Level 1.1 Earth Magic
 + Level 1.1 Poison Magic
 + Level 1.5 Invocations
 + Level 1.3 Evocations


You had 6 spell levels left.
You didn't know any spells.

Dungeon Overview and Level Annotations

Branches:
Dungeon (3/15)

Altars:
The Shining One

Annotations:
D:3 Ijyb


Innate Abilities, Weirdness & Mutations

Your experience applies equally to all skills.
You have very sharp teeth.
Your uncanny sense of smell can sniff out nearby items.


Message History

You are too injured to fight recklessly!
You are too injured to fight recklessly!
You are too injured to fight recklessly!
You are too injured to fight recklessly!
You are too injured to fight recklessly!
You are too injured to fight recklessly!
You are too injured to fight recklessly!
You are too injured to fight recklessly!
You are too injured to fight recklessly!
You are too injured to fight recklessly!
You hit Ijyb.
Ijyb is heavily wounded.
Ijyb hits you but does no damage.
You barely miss Ijyb. You bite Ijyb, but do no damage.
Ijyb is heavily wounded.
Ijyb screams, "Get away!"
Ijyb zaps a wand.
The bolt of acid hits you!
* * * LOW HITPOINT WARNING * * *
You are splashed with acid!
The acid burns!
You die...

######.# #.# #.# #
# #.# #.# #.#
###.## #.####
#.....# #.....
###.# #.########...
#.@.# #......###.##
#g#.###).........#
#.#......###.###.##
#.###.....##.# #...
#......###.#.# ###.
#..###.###...# ##.
#. #.##..#.####..
#. ##.......##....
##..⌠..†⌠..###..


You could see Ijyb.

Vanquished Creatures
  A bullfrog skeleton (D:3)
  4 oozes
  A worm (D:2)
  2 dart slugs
  2 leopard geckos
  An orc (D:3)
  6 bats
  4 giant cockroaches
  8 goblins
  9 hobgoblins
  6 jackals
  2 quokkas (D:3)
  4 ball pythons
  2 frilled lizards (D:1)
  16 kobolds
  9 rats
77 creatures vanquished.

Notes
Turn   | Place    | Note
-------+----------+-------------------------------------------
     0 | D:1      | Reached skill level 10 in Fighting
     0 | D:1      | xccam the Gnoll Wanderer began the quest for the Orb.
     0 | D:1      | xccam set off with: a curare-tipped needle, a +2 blowgun, a potion of curing, a scroll of teleportation, a +0 robe, a +0 dagger, a ration
     0 | D:1      | Reached XP level 1. HP: 28/28 MP: 1/1
    99 | D:1      | Reached XP level 2. HP: 36/36 MP: 2/2
   984 | D:1      | Reached XP level 3. HP: 11/42 MP: 3/3
  1700 | D:1      | Reached skill level 1 in Invocations
  2014 | D:2      | Found a glowing golden altar of the Shining One.
  2109 | D:2      | Reached skill level 1 in Short Blades
  2109 | D:2      | Reached skill level 1 in Long Blades
  2109 | D:2      | Reached skill level 1 in Axes
  2109 | D:2      | Reached skill level 1 in Maces & Flails
  2109 | D:2      | Reached skill level 1 in Staves
  2109 | D:2      | Reached skill level 1 in Slings
  2109 | D:2      | Reached skill level 1 in Bows
  2109 | D:2      | Reached skill level 1 in Crossbows
  2109 | D:2      | Reached skill level 1 in Armour
  2109 | D:2      | Reached skill level 1 in Dodging
  2109 | D:2      | Reached skill level 1 in Shields
  2109 | D:2      | Reached skill level 1 in Spellcasting
  2109 | D:2      | Reached skill level 1 in Evocations
  2201 | D:2      | Reached XP level 4. HP: 46/48 MP: 5/5
  2708 | D:3      | Reached skill level 1 in Conjurations
  2708 | D:3      | Reached skill level 1 in Hexes
  2708 | D:3      | Reached skill level 1 in Charms
  2708 | D:3      | Reached skill level 1 in Summonings
  2708 | D:3      | Reached skill level 1 in Necromancy
  2708 | D:3      | Reached skill level 1 in Translocations
  2708 | D:3      | Reached skill level 1 in Transmutations
  2708 | D:3      | Reached skill level 1 in Fire Magic
  2708 | D:3      | Reached skill level 1 in Ice Magic
  2708 | D:3      | Reached skill level 1 in Air Magic
  2708 | D:3      | Reached skill level 1 in Earth Magic
  2708 | D:3      | Reached skill level 1 in Poison Magic
  2886 | D:3      | Reached XP level 5. HP: 43/54 MP: 6/6
  3003 | D:3      | Noticed Ijyb
  3018 | D:3      | Splashed by Ijyb's acid

Vault maps used:
D:1:      dpeg_arrival_shrine, minmay_misc_feat_hallway, minmay_pentomino_u4
D:2:      tso_altar, first_ration
D:3:      grunt_ministairs_10, uniq_ijyb

Skill      XL: |  1  2  3  4 |
---------------+-------------+-----
Fighting       | | 10.4
Invocations    | 1 |  1.5
Short Blades   | 1 |  1.3
Long Blades    | 1 |  1.3
Axes           | 1 |  1.3
Maces & Flails | 1 |  1.3
Staves         | 1 |  1.3
Slings         | 1 |  1.3
Bows           | 1 |  1.3
Crossbows      | 1 |  1.3
Armour         | 1 |  1.3
Dodging        | 1 |  1.3
Shields        | 1 |  1.3
Spellcasting   | 1 |  1.3
Evocations     | 1 |  1.3
Conjurations   | 1 |  1.1
Hexes          | 1 |  1.1
Charms         | 1 |  1.1
Summonings     | 1 |  1.1
Necromancy     | 1 |  1.1
Translocations | 1 |  1.1
Transmutations | 1 |  1.1
Fire Magic     | 1 |  1.1
Ice Magic      | 1 |  1.1
Air Magic      | 1 |  1.1
Earth Magic    | 1 |  1.1
Poison Magic   | 1 |  1.1
Polearms       | |  2.9
Throwing       | |  2.9
Stealth        | |  4.3
Unarmed Combat | |  2.9

Action                   |  1- 3 |  4- 6 || total
-------------------------+-------+-------++-------
Melee: Dagger            |   193 |       ||   193
       Bite              |    19 |    13 ||    32
       Punch             |     3 |       ||     3
       Short sword       |    20 |   116 ||   136
 Fire: Blowgun           |     2 |       ||     2
  Use: Scroll            |     2 |     3 ||     5
 Stab: Sleeping          |     8 |       ||     8
  Eat: Chunk             |     4 |     3 ||     7
Armor: Robe              |    47 |       ||    47
       Plate armour      |    26 |    67 ||    93
Dodge: Dodged            |   155 |    22 ||   177
Block: Buckler           |       |    13 ||    13

Table legend:
 A = Spawn XP
 B = Non-spawn XP
 C = Spawn XP percentage of total XP
 D = Spawn monster count
 E = Non-spawn monster count
 F = Spawn count percentage of total count
 G = Total turns spent on level
                    A         B        C        D         E        F      G
               +---------+---------+-------+---------+---------+-------+---------
         Total |       0 |     192 |   0.0 |       0 |      77 |   0.0 |  3018
               +---------+---------+-------+---------+---------+-------+---------
           D:1 |       0 |      66 |   0.0 |       0 |      37 |   0.0 |  1877
           D:2 |       0 |      61 |   0.0 |       0 |      28 |   0.0 |   773
           D:3 |       0 |      65 |   0.0 |       0 |      12 |   0.0 |   368
               +---------+---------+-------+---------+---------+-------+---------
